Map: Goldenaura LE

Players

LiquidClem (Clem)

  • Race: Terran Terran
  • League: Grandmaster
  • Spawn Location: 5:00

MaxPax - Winner!

  • Race: Protoss Protoss
  • League: Grandmaster
  • Spawn Location: 12:00

VOD

Have the link to the VOD?

Description

Time

  • Played on: Oct. 9, 2023, 4:03 p.m.
  • Length: 12:12
Show
View Real Time Build Order
Export as new Build Order

LiquidClem Terran 

Build Orders: 1/1/1 

Get SALT Encoding   

  12  0:00  SCV  
  13  0:12  SCV  
  14  0:17  Supply Depot  
  14  0:24  SCV  
  14  0:27  Refinery  
  15  0:38  SCV  
  16  0:44  Barracks  
  16  0:50  SCV  
  17  1:02  SCV  
  18  1:14  SCV  
  19  1:19  Engineering Bay  
  19  1:31  Orbital Command, Marine  
  20  1:36  Factory  
  20  1:47  Supply Depot  
  20  1:50  Barracks Reactor  
  19  1:56  SCV  
  20  2:09  SCV  
  21  2:21  SCV  
  22  2:25  Starport  
  22  2:30  Hellion x2, Supply Depot  
  22  2:32  Marine  
  27  2:37  SCV  
  28  2:52  Hellion x2  
  32  3:00  Command Center  
  32  3:07  Medivac  
  32  3:10  SCV  
  35  3:15  Refinery  
  35  3:16  Barracks Tech Lab  
  35  3:21  Supply Depot  
  35  3:24  SCV  
  36  3:35  Barracks  
  36  3:41  SCV  
  37  3:45  Cyclone  
  39  3:52  Cyclone  
  39  3:53  SCV  
  42  3:57  Marine  
  39  4:04  Stimpack  
  39  4:06  SCV  
  40  4:11  Barracks  
  40  4:16  Marine  
  41  4:19  SCV  
  43  4:32  SCV  
  43  4:40  Orbital Command  
  43  4:42  Marine  
  43  4:43  Marine x2  
  43  4:44  SCV  
  43  4:45  Factory Reactor  
  46  4:56  SCV  
  46  4:59  Barracks Tech Lab  
  47  5:00  Marine x2  
  47  5:01  Marine  
  47  5:03  Engineering Bay  
  50  5:08  SCV  
  50  5:09  SCV  
  51  5:16  Supply Depot  
  51  5:19  Marine  
  51  5:20  SCV  
  51  5:21  SCV  
  54  5:22  Marine  
  54  5:26  Medivac  
  54  5:27  Medivac  
  59  5:32  Combat Shield  
  59  5:34  SCV  
  58  5:36  SCV  
  58  5:39  Marine  
  58  5:40  Marine x2  
  62  5:43  Marine  
  62  5:46  SCV  
  62  5:49  Supply Depot  
  60  5:51  Terran Infantry Weapons Level 1  
  60  5:53  SCV  
  61  5:57  Marine, Refinery  
  61  5:58  Marine, SCV  
  61  6:02  Marine x2  
  66  6:05  SCV  
  66  6:10  SCV  
  67  6:11  Factory Reactor, Supply Depot  
  67  6:15  Marine  
  67  6:16  Marine  
  67  6:17  SCV  
  70  6:21  Marauder x2  
  70  6:22  SCV  
  70  6:23  Concussive Shells  
  75  6:26  Medivac  
  75  6:29  SCV  
  75  6:32  Refinery  
  78  6:35  Marine  
  78  6:36  Supply Depot, Marine  
  78  6:37  SCV  
  81  6:41  Medivac  
  81  6:45  Marauder  
  85  6:47  Supply Depot, SCV  
  86  6:57  Supply Depot  
  86  6:58  Marauder  
  92  7:04  Command Center  
  92  7:08  Viking  
  90  7:12  Viking  
  92  7:16  SCV  
  92  7:17  Supply Depot  
  92  7:18  SCV  
  94  7:24  Marauder  
  94  7:25  Marauder  
  94  7:28  SCV  
  98  7:32  SCV  
  98  7:39  Marine x2  
  96  7:45  Widow Mine, SCV  
  96  7:46  Barracks, Marauder  
  96  7:47  Barracks  
  96  7:49  Marauder  
  102  7:51  SCV  
  102  7:55  Viking  
  99  7:59  Viking  
  99  8:01  Widow Mine  
  99  8:03  SCV x2  
  104  8:06  Supply Depot  
  104  8:09  Terran Infantry Armor Level 1  
  104  8:15  Marauder x2  
  104  8:16  SCV  
  104  8:17  SCV  
  110  8:20  Supply Depot  
  110  8:24  Starport  
  114  8:27  Widow Mine x2  
  114  8:30  SCV  
  114  8:31  Supply Depot  
  115  8:36  Viking  
  115  8:37  Barracks Tech Lab  
  115  8:39  Barracks Tech Lab  
  117  8:46  SCV x2  
  119  8:49  Viking  
  119  8:53  Supply Depot  
  121  8:58  Orbital Command, SCV x2  
  127  9:10  SCV x2  
  120  9:20  Viking x2  
  120  9:21  Viking x2  
  120  9:22  SCV x2  
  128  9:24  SCV  
  128  9:29  Ghost Academy  
  126  9:34  SCV x2  
  126  9:36  SCV  
  128  9:42  Marauder x3  
  133  9:45  Marine x2  
  133  9:46  SCV x2  
  133  9:50  Viking x2  
  133  9:51  SCV  
  142  9:53  Marauder  
  142  9:55  Viking  
  146  10:02  Viking  
  134  10:07  Marauder  
  134  10:09  Marine x2  
  134  10:12  Marauder  
  121  10:20  Viking, Medivac  
  110  10:22  Marine  
  110  10:23  Marauder  
  87  10:28  Marauder  
  87  10:29  Marine  
  87  10:32  Medivac  
  87  10:34  Marine  
  87  10:35  SCV  
  86  10:38  SCV x2  
  87  10:48  Ghost  
  87  10:49  SCV  
  84  10:50  Marine  
  84  10:51  SCV  
  84  10:53  SCV  
  87  11:00  Marine  
  87  11:02  Ghost, SCV  
  87  11:03  SCV  
  92  11:06  SCV  
  92  11:07  Ghost  
  95  11:13  Ghost  
  95  11:15  Marine, SCV x2  
  95  11:18  SCV, Marine  
  101  11:22  Medivac x2  
  101  11:24  Marauder  
  108  11:27  SCV  
  108  11:28  SCV  
  108  11:30  SCV  
  111  11:34  Marauder  
  111  11:35  Marine  
  111  11:36  Ghost  
  111  11:38  Refinery  
  111  11:39  SCV  
  117  11:40  Marine, SCV  
  117  11:46  Marauder  
  117  11:47  Marauder  
  123  11:51  SCV  
  123  11:52  SCV  
Show
View Real Time Build Order
Export as new Build Order

MaxPax Protoss - Winner!

Build Orders: Phoenix Opening, Mass Phoenix 

Get SALT Encoding   

  12  0:00  Probe  
  13  0:12  Probe  
  14  0:17  Pylon  
  14  0:24  Probe (Chrono Boost)  
  16  0:35  Gateway  
  16  0:36  Probe (Chrono Boost)  
  16  0:42  Probe (Chrono Boost)  
  16  0:45  Assimilator  
  17  0:51  Probe  
  18  1:04  Probe  
  19  1:16  Probe  
  20  1:22  Cybernetics Core  
  20  1:23  Zealot  
  22  1:29  Pylon, Probe  
  23  1:35  Assimilator  
  23  1:47  Probe  
  24  1:55  Adept (Chrono Boost)  
  24  1:59  Probe  
  27  2:11  Stargate  
  29  2:24  Nexus  
  29  2:26  Probe  
  29  2:29  Warp Gate  
  30  2:35  Pylon  
  30  2:39  Probe  
  31  2:51  Probe  
  30  2:53  Phoenix (Chrono Boost)  
  32  2:59  Shield Battery  
  32  3:03  Probe  
  33  3:10  Phoenix (Chrono Boost)  
  35  3:15  Probe  
  35  3:17  Shield Battery  
  36  3:26  Phoenix (Chrono Boost)  
  36  3:27  Probe  
  39  3:36  Probe  
  39  3:39  Probe  
  41  3:46  Assimilator, Phoenix (Chrono Boost)  
  44  3:48  Probe  
  44  3:51  Probe  
  44  4:02  Probe  
  45  4:05  Phoenix  
  45  4:08  Probe  
  48  4:12  Robotics Facility  
  48  4:15  Probe  
  49  4:21  Probe  
  49  4:22  Pylon  
  49  4:23  Assimilator  
  50  4:27  Probe  
  50  4:30  Phoenix  
  53  4:35  Probe  
  54  4:40  Probe  
  54  4:45  Pylon  
  55  4:46  Pylon  
  55  4:48  Probe  
  55  4:52  Probe  
  57  4:55  Phoenix  
  59  5:00  Probe  
  59  5:03  Robotics Bay  
  59  5:04  Probe  
  61  5:09  Observer  
  61  5:12  Pylon, Probe  
  63  5:16  Probe  
  63  5:20  Phoenix  
  66  5:33  Nexus  
  66  5:34  Immortal (Chrono Boost)  
  66  5:39  Probe  
  72  5:45  Phoenix  
  74  5:51  Shield Battery, Probe  
  74  5:57  Stalker  
  76  6:06  Colossus (Chrono Boost)  
  76  6:11  Probe x2  
  83  6:15  Extended Thermal Lance, Pylon  
  84  6:23  Shield Battery  
  84  6:29  Probe  
  86  6:38  Zealot  
  88  6:41  Colossus (Chrono Boost), Probe  
  88  6:46  Probe x2  
  96  6:51  Twilight Council  
  96  6:52  Forge  
  96  6:53  Probe  
  97  6:58  Probe x2  
  99  7:05  Probe  
  100  7:09  Pylon  
  100  7:10  Probe  
  100  7:12  Gateway  
  100  7:15  Gateway  
  102  7:17  Sentry, Probe  
  102  7:19  Shield Battery  
  105  7:24  Pylon, Probe  
  105  7:25  Colossus (Chrono Boost), Probe  
  105  7:29  Probe  
  113  7:36  Probe  
  114  7:37  Probe  
  114  7:42  Probe  
  116  7:49  Probe  
  107  7:51  Protoss Ground Weapons Level 1  
  105  8:00  Zealot  
  105  8:01  Charge (Chrono Boost)  
  108  8:07  Gateway, Zealot  
  108  8:08  Colossus (Chrono Boost)  
  108  8:09  Gateway, Assimilator  
  108  8:10  Assimilator  
  108  8:11  Templar Archives  
  108  8:12  Gateway  
  115  8:13  Gateway  
  115  8:15  Gateway  
  115  8:18  Shield Battery  
  115  8:24  Gateway  
  115  8:26  Gateway  
  115  8:27  Pylon  
  115  8:28  Zealot x3  
  121  8:44  Nexus  
  121  8:45  Pylon  
  118  8:51  High Templar x2, Warp Prism (Chrono Boost)  
  118  8:52  Pylon  
  124  8:58  Archon  
  124  9:02  High Templar  
  126  9:06  Nexus  
  126  9:08  High Templar  
  126  9:13  Archon  
  126  9:21  Zealot x2  
  126  9:22  Zealot x3  
  131  9:37  High Templar x4  
  139  9:41  Archon x2  
  139  9:48  Nexus  
  139  9:50  High Templar, Pylon  
  141  9:53  Pylon x2  
  141  9:56  Observer  
  138  10:04  Stalker x3  
  132  10:08  Zealot x3  
  132  10:12  Stalker x4  
  132  10:14  Probe  
  132  10:19  Warp Prism (Chrono Boost)  
  109  10:29  Zealot x6  
  109  10:36  Probe  
  109  10:40  High Templar x3  
  109  10:41  High Templar  
  110  10:45  Archon x2  
  98  10:54  Colossus (Chrono Boost)  
  98  10:55  Photon Cannon  
  98  10:56  Zealot  
  104  10:59  Zealot x5  
  104  11:03  Probe x3  
  117  11:10  Probe  
  118  11:19  Zealot x3, Pylon  
  118  11:20  Zealot  
  118  11:23  Zealot x2, Stalker  
  132  11:28  High Templar x2  
  132  11:29  Stalker  
  138  11:37  Archon  
  138  11:39  Probe x2  
  140  11:41  Pylon  
  140  11:45  Zealot x4  
  128  12:03  Zealot x6  
Tags
 
Add a new tag
Caveats
  • Supply blocks, unpowered buildings, or Contaminate may cause inaccurate times.
  • Supply counts are checked every 10 seconds.